Mustangs vs Monarchs
Created - November 4, 2017 at 19:39
Goals
|
| Mustangs |
2 |
1 |
1 |
0 |
4 |
| Monarchs |
1 |
2 |
1 |
1 |
5 |
|
Shots
|
| Mustangs |
14 |
19 |
11 |
0 |
44 |
| Monarchs |
13 |
13 |
12 |
4 |
42 |
|
1st period
1. Mustangs , Eric Wellwood 7 (Riley Sheahan 13, Marcus Foligno 9) at 12:36 (PP)
2. Monarchs , Emerson Etem 1 (Matt Tennyson 6, Connor Brown 5) at 14:53 (PP)
3. Mustangs , Josh Jooris 9 (Eric Wellwood 9, Riley Sheahan 14) at 18:09
Penalties :
Tomas Kubalik (MAN) for Tripping (Minor) at 11:41, Scott Mayfield (Ham) for Tripping (Minor) at 14:04, Raphael Bussieres (Ham) for High sticking (Minor) at 19:09
2nd period
4. Monarchs , Kyle Clifford 5 (Connor Brown 6, Tyler Toffoli 6) at 0:12 (PP)
5. Mustangs , Eric Wellwood 8 (Riley Sheahan 15) at 5:17
6. Monarchs , Jeff Skinner 7 (Tom Pyatt 5, Connor Brown 7) at 11:30
Penalties :
Jordie Benn (MAN) for Slashing (Double Minor) at 7:13, Jerome Samson (Ham) for Roughing (Minor) at 15:56, Emerson Etem (MAN) for Tripping (Minor) at 18:56
3rd period
7. Mustangs , Andrew Shaw 7 (Derek Joslin 5, Denis Bodrov 1) at 0:31 (PP)
8. Monarchs , Jeff Skinner 8 (Matt Tennyson 7, Tom Pyatt 6) at 13:23
Penalties :
Brandon Gormley (MAN) for Holding (Minor) at 0:51, Derek Joslin (Ham) for Tripping (Minor) at 13:37, Joe Morrow (MAN) for Roughing (Minor) at 18:15
Overtime #1
9. Monarchs , Connor Brown 5 (Jeff Skinner 4, Brandon Gormley 10) at 1:32
Penalties :
No Penalty
Goalie Stats
Chet Pickard (Ham), 37 saves from 42 shots - (0.881), OTL, 0-0-1, 61:32 minutes
Niklas Backstrom (MAN), 40 saves from 44 shots - (0.909), W, 3-0-0, 61:32 minutes
Players Stats for Mustangs
Player Name G A P +/- PIM S H SB GA TA FO MP PP MP PK MP
------------------------------------------------------------------------------------
Alexei Marchenko 0 0 0 -2 0 4 2 2 0 1 0/0 20:39 3:30 2:16
Andreas Athanasiou 0 0 0 -1 0 0 0 0 0 0 2/7 11:07 0:00 0:40
Andrew Shaw 1 0 1 0 0 5 0 0 0 2 1/1 16:00 4:25 0:00
Curtis Hamilton 0 0 0 -1 0 1 1 0 0 0 1/1 10:57 0:27 0:03
Denis Bodrov 0 1 1 1 0 0 0 0 1 1 0/0 31:17 6:42 4:24
Derek Joslin 0 1 1 1 2 2 0 2 1 0 0/0 29:40 6:42 2:47
Eric Wellwood 2 1 3 0 0 5 0 0 0 1 1/2 25:27 5:20 4:01
Francis Paré 0 0 0 0 0 5 0 0 0 1 0/0 7:29 0:27 0:00
Jerome Samson 0 0 0 -1 2 3 1 0 0 0 0/1 10:53 0:27 0:00
Joe Finley 0 0 0 0 0 0 0 0 0 0 0/0 10:26 0:00 0:00
Josh Jooris 1 0 1 1 0 4 2 1 1 1 1/2 20:32 5:20 0:00
Marcus Foligno 0 1 1 0 0 4 1 0 0 0 1/2 17:47 4:25 1:46
Mark Pysyk 0 0 0 -2 0 2 4 1 0 0 0/0 19:49 3:30 1:26
Raphael Bussieres 0 0 0 0 2 0 0 0 0 0 0/0 7:01 0:00 0:00
Rick Schofield 0 0 0 0 0 2 1 1 2 1 7/15 17:27 4:25 1:07
Riley Nash 0 0 0 0 0 5 0 0 0 1 2/3 7:02 0:00 0:00
Riley Sheahan 0 3 3 0 0 2 0 0 1 0 22/50 25:29 5:20 4:03
Scott Mayfield 0 0 0 0 2 0 1 1 0 1 0/0 11:12 0:00 0:47
Players Stats for Monarchs
Player Name G A P +/- PIM S H SB GA TA FO MP PP MP PK MP
------------------------------------------------------------------------------------
Alec Martinez 0 0 0 0 0 1 1 3 0 2 0/0 28:08 3:47 6:41
Brandon Gormley 0 1 1 0 2 4 1 1 0 0 0/0 23:49 3:47 2:00
Bryan Rust 0 0 0 0 0 0 0 0 0 0 0/0 11:22 0:00 6:15
Chris Tierney 0 0 0 -1 0 1 1 0 0 0 8/17 15:19 2:18 1:22
Colton Sissons 0 0 0 0 0 0 1 0 0 0 0/1 5:06 0:00 0:00
Connor Brown 1 3 4 1 0 3 1 0 0 0 0/0 17:55 3:32 0:00
Emerson Etem 1 0 1 1 2 4 0 1 2 0 0/0 15:11 2:03 0:00
Igor Makarov 0 0 0 0 0 0 0 0 0 0 0/0 0:00 0:00 0:00
Jeff Skinner 2 1 3 2 0 5 1 0 1 0 1/1 15:22 2:18 0:00
Joe Morrow 0 0 0 1 2 0 1 1 0 0 0/0 11:17 0:00 1:06
Jordie Benn 0 0 0 1 4 0 0 1 0 0 0/0 13:51 0:00 4:17
Kyle Clifford 1 0 1 0 0 5 2 0 2 1 2/2 19:40 3:32 0:50
Matt Tennyson 0 2 2 1 0 0 2 1 0 0 0/0 23:49 2:03 3:04
Olli Maatta 0 0 0 -1 0 2 1 2 0 2 0/0 20:00 0:00 3:46
Patrick Maroon 0 0 0 0 0 0 1 0 0 0 0/0 8:02 0:00 2:56
Riley Cote 0 0 0 -1 0 3 0 0 2 1 11/16 18:07 0:00 6:20
Tom Pyatt 0 2 2 1 0 8 1 0 1 0 6/11 15:52 0:00 2:56
Tomas Kubalik 0 0 0 -1 2 1 2 0 2 0 2/3 13:56 2:18 0:00
Tyler Toffoli 0 1 1 0 0 5 1 1 0 0 16/33 18:50 3:32 0:00
3 Stars
1 - Jeff Skinner (MAN)
2 - Connor Brown (MAN)
3 - Eric Wellwood (Ham)
Power Play
Mustangs - 2 on 6 Attempt(s) - 33.33%
Monarchs - 2 on 4 Attempt(s) - 50.00%
Penalty Kill
Mustangs - 2 on 4 Attempt(s) - 50.00%
- Score 0 goal in Penalty Kill
Monarchs - 4 on 6 Attempt(s) - 66.67%
- Score 0 goal in Penalty Kill
Team Stat
Mustangs - Hits : 13 - Faceoff Wins : 38 - Blocked Shots : 8 - Penalty Minutes : 8
Monarchs - Hits : 17 - Faceoff Wins : 46 - Blocked Shots : 11 - Penalty Minutes : 12
Official
Referees : StLaurent Francois and Watson Brad
Linesman : Brian Murphy and Greg Devorski
Game Notes
No Game Note
Finance
Level 1 -- Attendance: 1322 (66.10%) -- Ticket Income $52,880
Level 2 -- Attendance: 669 (66.90%) -- Ticket Income $13,380
Total Attendance: 1991 (66.37%)
Total Ticket Income: $66,260
Other Income: $3,313
Total Income: $69,573
Mustangs
5 vs 5 Forward
Center Left Wing Right Wing Time % Phy DF OF
1 Riley Sheahan Eric Wellwood Josh Jooris 40 1 2 2
2 Rick Schofield Marcus Foligno Andrew Shaw 30 1 2 2
3 Andreas Athanasiou Curtis Hamilton Jerome Samson 20 1 2 2
4 Riley Nash Raphael Bussieres Francis Paré 10 1 2 2
5 vs 5 Defense
Defense Defense Time % Phy DF OF
1 Derek Joslin Denis Bodrov 40 1 2 2
2 Alexei Marchenko Mark Pysyk 30 1 2 2
3 Joe Finley Scott Mayfield 20 1 2 2
4 Derek Joslin Denis Bodrov 10 1 2 2
PowerPlay Forward
Center Left Wing Right Wing Time % Phy DF OF
1 Riley Sheahan Eric Wellwood Josh Jooris 60 1 2 2
2 Rick Schofield Marcus Foligno Andrew Shaw 40 1 2 2
PowerPlay Defense
Defense Defense Time % Phy DF OF
1 Derek Joslin Denis Bodrov 60 1 2 2
2 Alexei Marchenko Mark Pysyk 40 1 2 2
Penalty Kill 4 Players Forward
Center Wing Time % Phy DF OF
1 Riley Sheahan Eric Wellwood 60 1 2 2
2 Rick Schofield Marcus Foligno 40 1 2 2
Penalty Kill 4 Players Defense
Defense Defense Time % Phy DF OF
1 Derek Joslin Denis Bodrov 60 1 2 2
2 Alexei Marchenko Mark Pysyk 40 1 2 2
Penalty Kill - 3 Players Forward
Forward Time % Phy DF OF
1 Riley Sheahan 60 1 2 2
2 Rick Schofield 40 1 2 2
Penalty Kill - 3 Players Defense
Defense Defense Time % Phy DF OF
1 Derek Joslin Denis Bodrov 60 1 2 2
2 Alexei Marchenko Mark Pysyk 40 1 2 2
4 vs 4 Forward
Center Wing Time % Phy DF OF
1 Riley Sheahan Eric Wellwood 60 1 2 2
2 Rick Schofield Josh Jooris 40 1 2 2
4 vs 4 Defense
Defense Defense Time % Phy DF OF
1 Derek Joslin Denis Bodrov 60 1 2 2
2 Alexei Marchenko Mark Pysyk 40 1 2 2
Last Minutes Offensive
Center Left Wing Right Wing Defense Defense
Riley Sheahan Eric Wellwood Josh Jooris Derek Joslin Denis Bodrov
Last Minutes Defensive
Center Left Wing Right Wing Defense Defense
Riley Sheahan Eric Wellwood Josh Jooris Alexei Marchenko Derek Joslin
Goaltenders
Starting : Chet Pickard
Backup : Peter Mannino
Extra Forwards
Normal : Riley Sheahan, Andrew Shaw, Jerome Samson - PP : Jerome Samson, Andrew Shaw - PK : Eric Wellwood
Extra Defensemen
Normal : Denis Bodrov, Alexei Marchenko, Mark Pysyk - PP : Denis Bodrov - PK : Alexei Marchenko, Derek Joslin
Penalty Shots
Andreas Athanasiou, Rick Schofield, Eric Wellwood, Marcus Foligno, Josh Jooris
Scratches
Roman Horak (Healthy), Brady Skjei (Strained Back Injury), Joshua Leivo (Suspend), Dominik Uher (Healthy), Eric Knodel (Healthy)
Matthew Finn (Healthy), Danny Biega (Healthy), Jim O'Brien (Bruised Left Leg Injury), Sam Kurker (Healthy), Max Gortz (Healthy)
Cameron Gaunce (Fractured Orbital Bone Injury), Justin Peters (Healthy), Joacim Eriksson (Healthy)
Monarchs
5 vs 5 Forward
Center Left Wing Right Wing Time % Phy DF OF
1 Tyler Toffoli Kyle Clifford Connor Brown 35 1 1 3
2 Chris Tierney Riley Cote Tomas Kubalik 30 1 1 3
3 Tom Pyatt Jeff Skinner Emerson Etem 30 1 2 2
4 Colton Sissons Patrick Maroon Bryan Rust 5 1 2 2
5 vs 5 Defense
Defense Defense Time % Phy DF OF
1 Alec Martinez Matt Tennyson 40 1 3 1
2 Olli Maatta Brandon Gormley 40 1 3 1
3 Jordie Benn Joe Morrow 20 1 3 1
4 Brandon Gormley Joe Morrow 0 1 2 2
PowerPlay Forward
Center Left Wing Right Wing Time % Phy DF OF
1 Tyler Toffoli Kyle Clifford Connor Brown 60 0 1 4
2 Chris Tierney Jeff Skinner Tomas Kubalik 40 0 1 4
PowerPlay Defense
Defense Defense Time % Phy DF OF
1 Alec Martinez Brandon Gormley 60 0 2 3
2 Emerson Etem Matt Tennyson 40 0 2 3
Penalty Kill 4 Players Forward
Center Wing Time % Phy DF OF
1 Riley Cote Bryan Rust 60 0 4 1
2 Tom Pyatt Patrick Maroon 40 0 4 1
Penalty Kill 4 Players Defense
Defense Defense Time % Phy DF OF
1 Jordie Benn Alec Martinez 60 1 4 0
2 Olli Maatta Matt Tennyson 40 1 4 0
Penalty Kill - 3 Players Forward
Forward Time % Phy DF OF
1 Riley Cote 60 1 2 2
2 Bryan Rust 40 1 2 2
Penalty Kill - 3 Players Defense
Defense Defense Time % Phy DF OF
1 Alec Martinez Jordie Benn 60 1 2 2
2 Matt Tennyson Olli Maatta 40 1 2 2
4 vs 4 Forward
Center Wing Time % Phy DF OF
1 Tyler Toffoli Kyle Clifford 60 1 2 2
2 Connor Brown Jeff Skinner 40 1 2 2
4 vs 4 Defense
Defense Defense Time % Phy DF OF
1 Brandon Gormley Matt Tennyson 60 1 2 2
2 Alec Martinez Joe Morrow 40 1 2 2
Last Minutes Offensive
Center Left Wing Right Wing Defense Defense
Tyler Toffoli Kyle Clifford Connor Brown Brandon Gormley Alec Martinez
Last Minutes Defensive
Center Left Wing Right Wing Defense Defense
Chris Tierney Riley Cote Bryan Rust Alec Martinez Matt Tennyson
Goaltenders
Starting : Niklas Backstrom
Backup : Matt Murray
Extra Forwards
Normal : Igor Makarov, Connor Brown, Chris Tierney - PP : Riley Cote, Igor Makarov - PK : Chris Tierney
Extra Defensemen
Normal : Alec Martinez, Brandon Gormley, Matt Tennyson - PP : Joe Morrow - PK : Brandon Gormley, Joe Morrow
Penalty Shots
Igor Makarov, Riley Cote, Jeff Skinner, Tyler Toffoli, Tomas Kubalik
Scratches
Philip Varone (Healthy), Christophe Lalancette (Healthy), Jujhar Khaira (Healthy), Derek Forbort (Healthy), Jamie McGinn (Healthy)
Tyler McNeely (Healthy), Ryan White (Healthy), Trevor Lewis (Healthy), Anthony Peluso (Healthy), Jake Muzzin (Healthy)
Eric Gustafsson (Healthy), Darcy Kuemper (Healthy), Jeff Frazee (Healthy)
% Time on Ice - Mustangs
Lines # - Real PCT - Wanted PCT - Time Play
Normal Forward
1 - 34% - 40% - 14:53
2 - 26% - 30% - 11:36
3 - 24% - 20% - 10:27
4 - 16% - 10% - 7:02
Normal Defense
1 - 39% - 40% - 17:16
2 - 33% - 30% - 14:26
3 - 24% - 20% - 10:26
4 - 4% - 10% - 1:50
PP Forward
1 - 57% - 60% - 5:47
2 - 43% - 40% - 4:25
PP Defense
1 - 66% - 60% - 6:42
2 - 34% - 40% - 3:30
PK Forward
1 - 81% - 60% - 4:43
2 - 19% - 40% - 1:07
PK Defense
1 - 75% - 60% - 4:24
2 - 25% - 40% - 1:26
PK3 Forward
1 - 0% - 60%
2 - 0% - 40%
PK3 Defense
1 - 0% - 60%
2 - 0% - 40%
44 Forward
1 - 79% - 60% - 1:13
2 - 21% - 40% - 0:19
44 Defense
1 - 71% - 60% - 1:05
2 - 29% - 40% - 0:27
Last Minute Offensive - 0:00
Last Minute Defensive - 0:00
Total
Forward - 61:32
Defense - 61:32
|
% Time on Ice - Monarchs
Lines # - Real PCT - Wanted PCT - Time Play
Normal Forward
1 - 32% - 35% - 14:17
2 - 26% - 30% - 11:39
3 - 29% - 30% - 12:56
4 - 12% - 5% - 5:06
Normal Defense
1 - 40% - 40% - 17:27
2 - 37% - 40% - 16:27
3 - 21% - 20% - 9:21
4 - 2% - 0% - 0:43
PP Forward
1 - 61% - 60% - 3:32
2 - 39% - 40% - 2:18
PP Defense
1 - 65% - 60% - 3:47
2 - 35% - 40% - 2:03
PK Forward
1 - 71% - 60% - 7:16
2 - 29% - 40% - 2:56
PK Defense
1 - 70% - 60% - 7:08
2 - 30% - 40% - 3:04
PK3 Forward
1 - 100% - 60% - 0:15
2 - 0% - 40% - 0:00
PK3 Defense
1 - 100% - 60% - 0:15
2 - 0% - 40% - 0:00
44 Forward
1 - 91% - 60% - 1:10
2 - 9% - 40% - 0:07
44 Defense
1 - 100% - 60% - 1:17
2 - 0% - 40% - 0:00
Last Minute Offensive - 0:00
Last Minute Defensive - 0:00
Total
Forward - 61:32
Defense - 61:32
|
Play by Play
1st period
0:01 of 1st period - Riley Sheahan wins face-off versus Tyler Toffoli in neutral zone.
0:26 of 1st period - Denis Bodrov is hit by Matt Tennyson and loses puck.
0:51 of 1st period - Wrist shot by Emerson Etem.
0:51 of 1st period - Stopped by Chet Pickard with a rebound.
1:05 of 1st period - Alec Martinez is hit by Mark Pysyk and loses puck.
1:12 of 1st period - Riley Nash is hit by Tom Pyatt and loses puck.
1:41 of 1st period - Wrist shot by Tom Pyatt.
1:41 of 1st period - Stopped by Chet Pickard without a rebound.
1:42 of 1st period - Tyler Toffoli wins face-off versus Riley Sheahan in Mustangs zone.
1:49 of 1st period - Wrist shot by Kyle Clifford.
1:49 of 1st period - Shot Misses the Net.
1:52 of 1st period - Icing by Scott Mayfield.
1:53 of 1st period - Chris Tierney wins face-off versus Riley Sheahan in Mustangs zone.
2:46 of 1st period - Snap shot by Jordie Benn.
2:46 of 1st period - Shot Misses the Net.
3:02 of 1st period - Slapshot by Eric Wellwood.
3:02 of 1st period - Shot Blocked by Jordie Benn.
4:10 of 1st period - Slapshot by Tom Pyatt.
4:10 of 1st period - Shot Blocked by Alexei Marchenko.
5:39 of 1st period - Scott Mayfield is hit by Tomas Kubalik and loses puck.
5:50 of 1st period - Tom Pyatt is hit by Josh Jooris and loses puck.
6:19 of 1st period - Wrist shot by Tyler Toffoli.
6:19 of 1st period - Stopped by Chet Pickard without a rebound.
6:20 of 1st period - Tyler Toffoli wins face-off versus Riley Sheahan in Mustangs zone.
6:23 of 1st period - Wrist shot by Tyler Toffoli.
6:23 of 1st period - Stopped by Chet Pickard with a rebound.
6:45 of 1st period - Denis Bodrov is hit by Joe Morrow and loses puck.
7:08 of 1st period - Joe Morrow is hit by Curtis Hamilton and loses puck.
7:13 of 1st period - Slapshot by Jerome Samson.
7:13 of 1st period - Stopped by Niklas Backstrom without a rebound.
7:14 of 1st period - Riley Sheahan wins face-off versus Tyler Toffoli in Monarchs zone.
7:21 of 1st period - Eric Wellwood is hit by Brandon Gormley and loses puck.
7:28 of 1st period - Wrist shot by Kyle Clifford.
7:28 of 1st period - Shot Blocked by Josh Jooris.
7:30 of 1st period - Slapshot by Olli Maatta.
7:30 of 1st period - Shot Misses the Net.
7:59 of 1st period - Slapshot by Marcus Foligno.
7:59 of 1st period - Stopped by Niklas Backstrom without a rebound.
8:00 of 1st period - Tom Pyatt wins face-off versus Andreas Athanasiou in Monarchs zone.
8:13 of 1st period - Wrist shot by Tom Pyatt.
8:13 of 1st period - Stopped by Chet Pickard without a rebound.
8:14 of 1st period - Riley Sheahan wins face-off versus Tyler Toffoli in Mustangs zone.
8:28 of 1st period - Snap shot by Eric Wellwood.
8:28 of 1st period - Shot Misses the Net.
8:30 of 1st period - Wrist shot by Eric Wellwood.
8:30 of 1st period - Shot Blocked by Olli Maatta.
8:59 of 1st period - Slapshot by Riley Cote.
8:59 of 1st period - Stopped by Chet Pickard without a rebound.
9:00 of 1st period - Jeff Skinner wins face-off versus Andreas Athanasiou in Mustangs zone.
9:07 of 1st period - Wrist shot by Tom Pyatt.
9:07 of 1st period - Stopped by Chet Pickard with a rebound.
9:09 of 1st period - Wrist shot by Jeff Skinner.
9:09 of 1st period - Stopped by Chet Pickard with a rebound.
9:11 of 1st period - Slapshot by Olli Maatta.
9:11 of 1st period - Shot Misses the Net.
9:21 of 1st period - Mark Pysyk is hit by Olli Maatta and loses puck.
9:40 of 1st period - Wrist shot by Tom Pyatt.
9:40 of 1st period - Stopped by Chet Pickard without a rebound.
9:41 of 1st period - Tyler Toffoli wins face-off versus Riley Sheahan in Mustangs zone.
10:33 of 1st period - Wrist shot by Riley Nash.
10:33 of 1st period - Shot Misses the Net.
10:35 of 1st period - Snap shot by Francis Paré.
10:35 of 1st period - Stopped by Niklas Backstrom without a rebound.
10:36 of 1st period - Riley Nash wins face-off versus Colton Sissons in Monarchs zone.
10:39 of 1st period - Snap shot by Riley Nash.
10:39 of 1st period - Stopped by Niklas Backstrom with a rebound.
10:41 of 1st period - Wrist shot by Francis Paré.
10:41 of 1st period - Stopped by Niklas Backstrom with a rebound.
10:43 of 1st period - Slapshot by Mark Pysyk.
10:43 of 1st period - Stopped by Niklas Backstrom with a rebound.
10:45 of 1st period - Slapshot by Alexei Marchenko.
10:45 of 1st period - Stopped by Niklas Backstrom with a rebound.
10:47 of 1st period - Wrist shot by Riley Nash.
10:47 of 1st period - Stopped by Niklas Backstrom with a rebound.
10:49 of 1st period - Slapshot by Alexei Marchenko.
10:49 of 1st period - Stopped by Niklas Backstrom without a rebound.
10:50 of 1st period - Tyler Toffoli wins face-off versus Riley Sheahan in Monarchs zone.
11:41 of 1st period - Minor Penalty to Tomas Kubalik for Tripping.
11:42 of 1st period - Riley Cote wins face-off versus Riley Sheahan in Monarchs zone.
11:59 of 1st period - Off-side.
12:00 of 1st period - Riley Cote wins face-off versus Marcus Foligno in neutral zone.
12:02 of 1st period - Off-side.
12:03 of 1st period - Riley Cote wins face-off versus Rick Schofield in neutral zone.
12:36 of 1st period - Snap shot by Eric Wellwood.
12:36 of 1st period - Goal by Eric Wellwood - Mustangs : 1 - Monarchs : 0.
12:37 of 1st period - Riley Sheahan wins face-off versus Tyler Toffoli in neutral zone.
13:40 of 1st period - Tom Pyatt is hit by Scott Mayfield and loses puck.
14:04 of 1st period - Minor Penalty to Scott Mayfield for Tripping.
14:05 of 1st period - Riley Sheahan wins face-off versus Tomas Kubalik in Mustangs zone.
14:15 of 1st period - Wrist shot by Tomas Kubalik.
14:15 of 1st period - Shot Misses the Net.
14:47 of 1st period - Wrist shot by Connor Brown.
14:47 of 1st period - Shot Blocked by Alexei Marchenko.
14:49 of 1st period - Slapshot by Matt Tennyson.
14:49 of 1st period - Shot Blocked by Rick Schofield.
14:51 of 1st period - Slapshot by Emerson Etem.
14:51 of 1st period - Shot Misses the Net.
14:53 of 1st period - Slapshot by Emerson Etem.
14:53 of 1st period - Goal by Emerson Etem - Mustangs : 1 - Monarchs : 1.
14:54 of 1st period - Riley Sheahan wins face-off versus Tyler Toffoli in neutral zone.
15:09 of 1st period - Wrist shot by Riley Sheahan.
15:09 of 1st period - Deflect By Eric Wellwood.
15:09 of 1st period - Shot Blocked by Tyler Toffoli.
15:09 of 1st period - Puck is out of play.
15:10 of 1st period - Rick Schofield wins face-off versus Tom Pyatt in Monarchs zone.
16:08 of 1st period - Snap shot by Josh Jooris.
16:08 of 1st period - Stopped by Niklas Backstrom without a rebound.
16:09 of 1st period - Rick Schofield wins face-off versus Chris Tierney in Monarchs zone.
16:12 of 1st period - Slapshot by Marcus Foligno.
16:12 of 1st period - Stopped by Niklas Backstrom with a rebound.
16:24 of 1st period - Snap shot by Riley Cote.
16:24 of 1st period - Shot Misses the Net.
16:34 of 1st period - Rick Schofield is hit by Patrick Maroon and loses puck.
16:39 of 1st period - Slapshot by Alec Martinez.
16:39 of 1st period - Shot Misses the Net.
16:51 of 1st period - Snap shot by Marcus Foligno.
16:51 of 1st period - Shot Misses the Net.
16:57 of 1st period - Snap shot by Rick Schofield.
16:57 of 1st period - Shot Blocked by Matt Tennyson.
17:07 of 1st period - Wrist shot by Andrew Shaw.
17:07 of 1st period - Stopped by Niklas Backstrom without a rebound.
17:08 of 1st period - Eric Wellwood wins face-off versus Tyler Toffoli in Monarchs zone.
17:57 of 1st period - Snap shot by Riley Sheahan.
17:57 of 1st period - Shot Misses the Net.
18:09 of 1st period - Snap shot by Josh Jooris.
18:09 of 1st period - Goal by Josh Jooris - Mustangs : 2 - Monarchs : 1.
18:10 of 1st period - Rick Schofield wins face-off versus Chris Tierney in neutral zone.
19:09 of 1st period - Minor Penalty to Raphael Bussieres for High sticking.
19:10 of 1st period - Tyler Toffoli wins face-off versus Riley Sheahan in Mustangs zone.
19:14 of 1st period - Wrist shot by Connor Brown.
19:14 of 1st period - Shot Blocked by Derek Joslin.
19:18 of 1st period - Slapshot by Kyle Clifford.
19:18 of 1st period - Stopped by Chet Pickard without a rebound.
19:19 of 1st period - Riley Sheahan wins face-off versus Tyler Toffoli in Mustangs zone.
19:48 of 1st period - Snap shot by Tyler Toffoli.
19:48 of 1st period - Shot Misses the Net.
19:50 of 1st period - Slapshot by Alec Martinez.
19:50 of 1st period - Stopped by Chet Pickard with a rebound.
19:52 of 1st period - Slapshot by Brandon Gormley.
19:52 of 1st period - Shot Hit the Post.
19:54 of 1st period - Snap shot by Kyle Clifford.
19:54 of 1st period - Stopped by Chet Pickard without a rebound.
19:55 of 1st period - Chris Tierney wins face-off versus Riley Sheahan in Mustangs zone.
Goals for this period are 2 for Mustangs vs 1 for Monarchs .
Shots for this period are 14 for Mustangs vs 13 for Monarchs .
2nd period
0:01 of 2nd period - Tyler Toffoli wins face-off versus Eric Wellwood in neutral zone.
0:12 of 2nd period - Backhand shot by Kyle Clifford.
0:12 of 2nd period - Goal by Kyle Clifford - Mustangs : 2 - Monarchs : 2.
0:13 of 2nd period - Riley Sheahan wins face-off versus Chris Tierney in neutral zone.
0:20 of 2nd period - Snap shot by Riley Sheahan.
0:20 of 2nd period - Stopped by Niklas Backstrom without a rebound.
0:21 of 2nd period - Tomas Kubalik wins face-off versus Riley Sheahan in Monarchs zone.
1:10 of 2nd period - Slapshot by Jerome Samson.
1:10 of 2nd period - Shot Blocked by Brandon Gormley.
1:40 of 2nd period - Backhand shot by Francis Paré.
1:40 of 2nd period - Stopped by Niklas Backstrom without a rebound.
1:41 of 2nd period - Riley Sheahan wins face-off versus Tyler Toffoli in Monarchs zone.
1:46 of 2nd period - Snap shot by Josh Jooris.
1:46 of 2nd period - Stopped by Niklas Backstrom without a rebound.
1:47 of 2nd period - Riley Sheahan wins face-off versus Tyler Toffoli in Monarchs zone.
2:00 of 2nd period - Snap shot by Connor Brown.
2:00 of 2nd period - Stopped by Chet Pickard without a rebound.
2:01 of 2nd period - Chris Tierney wins face-off versus Riley Sheahan in Mustangs zone.
2:56 of 2nd period - Snap shot by Jeff Skinner.
2:56 of 2nd period - Shot Misses the Net.
2:58 of 2nd period - Slapshot by Olli Maatta.
2:58 of 2nd period - Stopped by Chet Pickard without a rebound.
2:59 of 2nd period - Chris Tierney wins face-off versus Riley Sheahan in Mustangs zone.
3:04 of 2nd period - Wrist shot by Tomas Kubalik.
3:04 of 2nd period - Stopped by Chet Pickard with a rebound.
4:16 of 2nd period - Tom Pyatt is hit by Mark Pysyk and loses puck.
4:53 of 2nd period - Off-side.
4:54 of 2nd period - Tyler Toffoli wins face-off versus Andreas Athanasiou in neutral zone.
5:07 of 2nd period - Slapshot by Tyler Toffoli.
5:07 of 2nd period - Stopped by Chet Pickard without a rebound.
5:08 of 2nd period - Riley Sheahan wins face-off versus Chris Tierney in Mustangs zone.
5:13 of 2nd period - Slapshot by Derek Joslin.
5:13 of 2nd period - Shot Misses the Net.
5:15 of 2nd period - Wrist shot by Riley Sheahan.
5:15 of 2nd period - Stopped by Niklas Backstrom without a rebound.
5:16 of 2nd period - Riley Sheahan wins face-off versus Riley Cote in Monarchs zone.
5:17 of 2nd period - Snap shot by Eric Wellwood.
5:17 of 2nd period - Goal by Eric Wellwood - Mustangs : 3 - Monarchs : 2.
5:18 of 2nd period - Riley Sheahan wins face-off versus Tyler Toffoli in neutral zone.
6:30 of 2nd period - Wrist shot by Francis Paré.
6:30 of 2nd period - Stopped by Niklas Backstrom without a rebound.
6:31 of 2nd period - Riley Nash wins face-off versus Tyler Toffoli in Monarchs zone.
6:48 of 2nd period - Slapshot by Riley Nash.
6:48 of 2nd period - Shot Misses the Net.
6:58 of 2nd period - Slapshot by Mark Pysyk.
6:58 of 2nd period - Stopped by Niklas Backstrom with a rebound.
7:04 of 2nd period - Slapshot by Riley Nash.
7:04 of 2nd period - Stopped by Niklas Backstrom without a rebound.
7:05 of 2nd period - Riley Sheahan wins face-off versus Chris Tierney in Monarchs zone.
7:13 of 2nd period - Double Minor Penalty to Jordie Benn for Slashing.
7:14 of 2nd period - Riley Cote wins face-off versus Riley Sheahan in Monarchs zone.
7:22 of 2nd period - Wrist shot by Josh Jooris.
7:22 of 2nd period - Shot Misses the Net.
7:24 of 2nd period - Slapshot by Denis Bodrov.
7:24 of 2nd period - Deflect By Eric Wellwood.
7:24 of 2nd period - Shot Misses the Net.
7:24 of 2nd period - Puck is out of play.
7:25 of 2nd period - Riley Cote wins face-off versus Riley Sheahan in Monarchs zone.
7:55 of 2nd period - Wrist shot by Marcus Foligno.
7:55 of 2nd period - Stopped by Niklas Backstrom with a rebound.
7:57 of 2nd period - Slapshot by Derek Joslin.
7:57 of 2nd period - Shot Blocked by Olli Maatta.
7:59 of 2nd period - Slapshot by Denis Bodrov.
7:59 of 2nd period - Shot Misses the Net.
8:34 of 2nd period - Icing by Alexei Marchenko.
8:35 of 2nd period - Chris Tierney wins face-off versus Rick Schofield in Mustangs zone.
8:36 of 2nd period - Slapshot by Kyle Clifford.
8:36 of 2nd period - Shot Misses the Net.
10:26 of 2nd period - Tom Pyatt is hit by Mark Pysyk.
10:36 of 2nd period - Icing by Jerome Samson.
10:37 of 2nd period - Riley Cote wins face-off versus Jerome Samson in Mustangs zone.
10:52 of 2nd period - Alec Martinez is hit by Marcus Foligno and loses puck.
11:13 of 2nd period - Penalty to Jordie Benn is over, Jordie Benn is back on ice.
11:30 of 2nd period - Slapshot by Jeff Skinner.
11:30 of 2nd period - Goal by Jeff Skinner - Mustangs : 3 - Monarchs : 3.
11:31 of 2nd period - Marcus Foligno wins face-off versus Tyler Toffoli in neutral zone.
11:33 of 2nd period - Off-side.
11:34 of 2nd period - Rick Schofield wins face-off versus Tyler Toffoli in neutral zone.
11:46 of 2nd period - Wrist shot by Olli Maatta.
11:46 of 2nd period - Shot Misses the Net.
12:10 of 2nd period - Snap shot by Riley Cote.
12:10 of 2nd period - Stopped by Chet Pickard with a rebound.
12:12 of 2nd period - Slapshot by Brandon Gormley.
12:12 of 2nd period - Stopped by Chet Pickard with a rebound.
12:23 of 2nd period - Off-side.
12:24 of 2nd period - Tom Pyatt wins face-off versus Andreas Athanasiou in neutral zone.
12:36 of 2nd period - Snap shot by Jerome Samson.
12:36 of 2nd period - Shot Misses the Net.
12:46 of 2nd period - Wrist shot by Jerome Samson.
12:46 of 2nd period - Shot Blocked by Alec Martinez.
13:02 of 2nd period - Snap shot by Jerome Samson.
13:02 of 2nd period - Deflect By Curtis Hamilton.
13:02 of 2nd period - Stopped by Niklas Backstrom with a rebound.
13:08 of 2nd period - Wrist shot by Emerson Etem.
13:08 of 2nd period - Stopped by Chet Pickard with a rebound.
13:10 of 2nd period - Wrist shot by Emerson Etem.
13:10 of 2nd period - Deflect By Tom Pyatt.
13:10 of 2nd period - Shot Blocked by Scott Mayfield.
13:10 of 2nd period - Puck is out of play.
13:11 of 2nd period - Tyler Toffoli wins face-off versus Riley Sheahan in Mustangs zone.
13:24 of 2nd period - Snap shot by Connor Brown.
13:24 of 2nd period - Shot Misses the Net.
13:26 of 2nd period - Wrist shot by Tyler Toffoli.
13:26 of 2nd period - Stopped by Chet Pickard without a rebound.
13:27 of 2nd period - Chris Tierney wins face-off versus Rick Schofield in Mustangs zone.
13:34 of 2nd period - Wrist shot by Riley Cote.
13:34 of 2nd period - Stopped by Chet Pickard with a rebound.
13:36 of 2nd period - Slapshot by Chris Tierney.
13:36 of 2nd period - Stopped by Chet Pickard with a rebound.
13:38 of 2nd period - Slapshot by Olli Maatta.
13:38 of 2nd period - Stopped by Chet Pickard with a rebound.
13:40 of 2nd period - Slapshot by Brandon Gormley.
13:40 of 2nd period - Deflect By Tomas Kubalik.
13:40 of 2nd period - Shot Blocked by Derek Joslin.
13:40 of 2nd period - Puck is out of play.
13:41 of 2nd period - Josh Jooris wins face-off versus Tyler Toffoli in Mustangs zone.
14:51 of 2nd period - Snap shot by Patrick Maroon.
14:51 of 2nd period - Shot Misses the Net.
14:53 of 2nd period - Slapshot by Bryan Rust.
14:53 of 2nd period - Shot Misses the Net.
14:55 of 2nd period - Wrist shot by Patrick Maroon.
14:55 of 2nd period - Shot Misses the Net.
14:57 of 2nd period - Snap shot by Brandon Gormley.
14:57 of 2nd period - Shot Misses the Net.
14:59 of 2nd period - Slapshot by Colton Sissons.
14:59 of 2nd period - Shot Misses the Net.
15:13 of 2nd period - Snap shot by Riley Nash.
15:13 of 2nd period - Stopped by Niklas Backstrom with a rebound.
15:37 of 2nd period - Slapshot by Alexei Marchenko.
15:37 of 2nd period - Shot Misses the Net.
15:56 of 2nd period - Minor Penalty to Jerome Samson for Roughing.
15:57 of 2nd period - Riley Sheahan wins face-off versus Tyler Toffoli in Mustangs zone.
16:22 of 2nd period - Icing by Alec Martinez.
16:23 of 2nd period - Riley Sheahan wins face-off versus Chris Tierney in Monarchs zone.
16:42 of 2nd period - Snap shot by Connor Brown.
16:42 of 2nd period - Shot Misses the Net.
17:56 of 2nd period - Penalty to Jerome Samson is over, Jerome Samson is back on ice.
18:31 of 2nd period - Slapshot by Alexei Marchenko.
18:31 of 2nd period - Stopped by Niklas Backstrom without a rebound.
18:32 of 2nd period - Curtis Hamilton wins face-off versus Chris Tierney in Monarchs zone.
18:33 of 2nd period - Snap shot by Jerome Samson.
18:33 of 2nd period - Stopped by Niklas Backstrom with a rebound.
18:56 of 2nd period - Minor Penalty to Emerson Etem for Tripping.
18:57 of 2nd period - Riley Sheahan wins face-off versus Riley Cote in Monarchs zone.
19:13 of 2nd period - Wrist shot by Josh Jooris.
19:13 of 2nd period - Stopped by Niklas Backstrom without a rebound.
19:14 of 2nd period - Andrew Shaw wins face-off versus Riley Cote in Monarchs zone.
19:15 of 2nd period - Wrist shot by Rick Schofield.
19:15 of 2nd period - Stopped by Niklas Backstrom with a rebound.
19:17 of 2nd period - Slapshot by Derek Joslin.
19:17 of 2nd period - Stopped by Niklas Backstrom with a rebound.
19:19 of 2nd period - Wrist shot by Andrew Shaw.
19:19 of 2nd period - Stopped by Niklas Backstrom with a rebound.
19:21 of 2nd period - Wrist shot by Marcus Foligno.
19:21 of 2nd period - Stopped by Niklas Backstrom without a rebound.
19:22 of 2nd period - Rick Schofield wins face-off versus Riley Cote in Monarchs zone.
19:38 of 2nd period - Snap shot by Andrew Shaw.
19:38 of 2nd period - Shot Misses the Net.
19:44 of 2nd period - Slapshot by Andrew Shaw.
19:44 of 2nd period - Stopped by Niklas Backstrom without a rebound.
19:45 of 2nd period - Riley Cote wins face-off versus Riley Sheahan in Monarchs zone.
Goals for this period are 1 for Mustangs vs 2 for Monarchs .
Shots for this period are 19 for Mustangs vs 13 for Monarchs .
3rd period
0:01 of 3rd period - Riley Cote wins face-off versus Riley Sheahan in neutral zone.
0:13 of 3rd period - Slapshot by Derek Joslin.
0:13 of 3rd period - Deflect By Eric Wellwood.
0:13 of 3rd period - Stopped by Niklas Backstrom with a rebound.
0:29 of 3rd period - Slapshot by Denis Bodrov.
0:29 of 3rd period - Shot Misses the Net.
0:31 of 3rd period - Snap shot by Derek Joslin.
0:31 of 3rd period - Deflect By Andrew Shaw.
0:31 of 3rd period - Goal by Andrew Shaw - Mustangs : 4 - Monarchs : 3.
0:32 of 3rd period - Tyler Toffoli wins face-off versus Riley Sheahan in neutral zone.
0:34 of 3rd period - Off-side.
0:35 of 3rd period - Tyler Toffoli wins face-off versus Riley Sheahan in neutral zone.
0:40 of 3rd period - Wrist shot by Tyler Toffoli.
0:40 of 3rd period - Stopped by Chet Pickard without a rebound.
0:41 of 3rd period - Tyler Toffoli wins face-off versus Riley Sheahan in Mustangs zone.
0:51 of 3rd period - Minor Penalty to Brandon Gormley for Holding.
0:52 of 3rd period - Riley Cote wins face-off versus Riley Sheahan in Monarchs zone.
2:51 of 3rd period - Penalty to Brandon Gormley is over, Brandon Gormley is back on ice.
3:46 of 3rd period - Tomas Kubalik is hit by Jerome Samson.
4:15 of 3rd period - Snap shot by Jeff Skinner.
4:15 of 3rd period - Stopped by Chet Pickard without a rebound.
4:16 of 3rd period - Riley Sheahan wins face-off versus Tom Pyatt in Mustangs zone.
4:25 of 3rd period - Wrist shot by Tom Pyatt.
4:25 of 3rd period - Stopped by Chet Pickard without a rebound.
4:26 of 3rd period - Tyler Toffoli wins face-off versus Riley Sheahan in Mustangs zone.
4:33 of 3rd period - Backhand shot by Kyle Clifford.
4:33 of 3rd period - Shot Blocked by Mark Pysyk.
4:35 of 3rd period - Wrist shot by Connor Brown.
4:35 of 3rd period - Stopped by Chet Pickard without a rebound.
4:36 of 3rd period - Riley Sheahan wins face-off versus Tyler Toffoli in Mustangs zone.
4:36 of 3rd period - Riley Sheahan is hit by Kyle Clifford.
5:14 of 3rd period - Off-side.
5:15 of 3rd period - Tomas Kubalik wins face-off versus Rick Schofield in neutral zone.
5:26 of 3rd period - Snap shot by Tomas Kubalik.
5:26 of 3rd period - Deflect By Mark Pysyk.
5:26 of 3rd period - Shot Misses the Net.
5:26 of 3rd period - Puck is out of play.
5:27 of 3rd period - Chris Tierney wins face-off versus Rick Schofield in Mustangs zone.
5:52 of 3rd period - Connor Brown is hit by Josh Jooris and loses puck.
6:08 of 3rd period - Derek Joslin is hit by Connor Brown.
6:36 of 3rd period - Icing by Jerome Samson.
6:37 of 3rd period - Andreas Athanasiou wins face-off versus Chris Tierney in Mustangs zone.
7:04 of 3rd period - Slapshot by Rick Schofield.
7:04 of 3rd period - Deflect By Marcus Foligno.
7:04 of 3rd period - Shot Misses the Net.
7:04 of 3rd period - Puck is out of play.
7:05 of 3rd period - Kyle Clifford wins face-off versus Rick Schofield in Monarchs zone.
7:21 of 3rd period - Snap shot by Rick Schofield.
7:21 of 3rd period - Shot Misses the Net.
7:23 of 3rd period - Slapshot by Derek Joslin.
7:23 of 3rd period - Stopped by Niklas Backstrom with a rebound.
7:27 of 3rd period - Wrist shot by Andrew Shaw.
7:27 of 3rd period - Shot Misses the Net.
7:29 of 3rd period - Snap shot by Marcus Foligno.
7:29 of 3rd period - Shot Misses the Net.
7:31 of 3rd period - Slapshot by Alexei Marchenko.
7:31 of 3rd period - Stopped by Niklas Backstrom without a rebound.
7:32 of 3rd period - Riley Sheahan wins face-off versus Tom Pyatt in Monarchs zone.
7:57 of 3rd period - Jeff Skinner is hit by Alexei Marchenko and loses puck.
8:06 of 3rd period - Wrist shot by Riley Nash.
8:06 of 3rd period - Deflect By Francis Paré.
8:06 of 3rd period - Stopped by Niklas Backstrom with a rebound.
9:08 of 3rd period - Snap shot by Matt Tennyson.
9:08 of 3rd period - Shot Misses the Net.
9:14 of 3rd period - Joe Finley is hit by Alec Martinez and loses puck.
9:47 of 3rd period - Wrist shot by Riley Cote.
9:47 of 3rd period - Shot Misses the Net.
9:49 of 3rd period - Wrist shot by Tom Pyatt.
9:49 of 3rd period - Shot Misses the Net.
10:17 of 3rd period - Olli Maatta is hit by Mark Pysyk and loses puck.
10:22 of 3rd period - Slapshot by Jerome Samson.
10:22 of 3rd period - Shot Misses the Net.
10:24 of 3rd period - Snap shot by Jerome Samson.
10:24 of 3rd period - Shot Misses the Net.
10:26 of 3rd period - Wrist shot by Jerome Samson.
10:26 of 3rd period - Stopped by Niklas Backstrom without a rebound.
10:27 of 3rd period - Chris Tierney wins face-off versus Rick Schofield in Monarchs zone.
10:36 of 3rd period - Marcus Foligno is hit by Tomas Kubalik and loses puck.
11:36 of 3rd period - Wrist shot by Patrick Maroon.
11:36 of 3rd period - Shot Misses the Net.
11:38 of 3rd period - Backhand shot by Brandon Gormley.
11:38 of 3rd period - Stopped by Chet Pickard with a rebound.
12:15 of 3rd period - Wrist shot by Andrew Shaw.
12:15 of 3rd period - Shot Misses the Net.
12:17 of 3rd period - Snap shot by Rick Schofield.
12:17 of 3rd period - Stopped by Niklas Backstrom without a rebound.
12:18 of 3rd period - Rick Schofield wins face-off versus Tom Pyatt in Monarchs zone.
12:21 of 3rd period - Wrist shot by Andrew Shaw.
12:21 of 3rd period - Shot Misses the Net.
12:23 of 3rd period - Slapshot by Mark Pysyk.
12:23 of 3rd period - Shot Blocked by Emerson Etem.
12:25 of 3rd period - Wrist shot by Marcus Foligno.
12:25 of 3rd period - Shot Blocked by Joe Morrow.
12:27 of 3rd period - Snap shot by Andrew Shaw.
12:27 of 3rd period - Stopped by Niklas Backstrom without a rebound.
12:28 of 3rd period - Tom Pyatt wins face-off versus Rick Schofield in Monarchs zone.
12:57 of 3rd period - Icing by Jordie Benn.
12:58 of 3rd period - Tom Pyatt wins face-off versus Josh Jooris in Monarchs zone.
13:07 of 3rd period - Slapshot by Alec Martinez.
13:07 of 3rd period - Shot Misses the Net.
13:09 of 3rd period - Snap shot by Emerson Etem.
13:09 of 3rd period - Stopped by Chet Pickard with a rebound.
13:17 of 3rd period - Slapshot by Tom Pyatt.
13:17 of 3rd period - Stopped by Chet Pickard with a rebound.
13:19 of 3rd period - Wrist shot by Tom Pyatt.
13:19 of 3rd period - Shot Misses the Net.
13:21 of 3rd period - Slapshot by Matt Tennyson.
13:21 of 3rd period - Shot Misses the Net.
13:23 of 3rd period - Wrist shot by Jeff Skinner.
13:23 of 3rd period - Goal by Jeff Skinner - Mustangs : 4 - Monarchs : 4.
13:24 of 3rd period - Tyler Toffoli wins face-off versus Riley Sheahan in neutral zone.
13:31 of 3rd period - Snap shot by Tyler Toffoli.
13:31 of 3rd period - Shot Misses the Net.
13:33 of 3rd period - Slapshot by Olli Maatta.
13:33 of 3rd period - Shot Misses the Net.
13:35 of 3rd period - Wrist shot by Brandon Gormley.
13:35 of 3rd period - Stopped by Chet Pickard with a rebound.
13:37 of 3rd period - Minor Penalty to Derek Joslin for Tripping.
13:38 of 3rd period - Tyler Toffoli wins face-off versus Riley Sheahan in Mustangs zone.
13:39 of 3rd period - Snap shot by Kyle Clifford.
13:39 of 3rd period - Stopped by Chet Pickard without a rebound.
13:40 of 3rd period - Tyler Toffoli wins face-off versus Riley Sheahan in Mustangs zone.
13:55 of 3rd period - Snap shot by Riley Sheahan.
13:55 of 3rd period - Deflect By Eric Wellwood.
13:55 of 3rd period - Shot Blocked by Alec Martinez.
13:55 of 3rd period - Puck is out of play.
13:56 of 3rd period - Riley Sheahan wins face-off versus Tyler Toffoli in Monarchs zone.
13:57 of 3rd period - Wrist shot by Eric Wellwood.
13:57 of 3rd period - Stopped by Niklas Backstrom with a rebound.
14:03 of 3rd period - Snap shot by Eric Wellwood.
14:03 of 3rd period - Shot Blocked by Alec Martinez.
14:21 of 3rd period - Riley Sheahan is hit by Chris Tierney and loses puck.
15:32 of 3rd period - Mark Pysyk is hit by Matt Tennyson and loses puck.
15:37 of 3rd period - Penalty to Derek Joslin is over, Derek Joslin is back on ice.
15:43 of 3rd period - Slapshot by Riley Nash.
15:43 of 3rd period - Stopped by Niklas Backstrom with a rebound.
15:49 of 3rd period - Riley Nash is hit by Colton Sissons.
16:18 of 3rd period - Off-side.
16:19 of 3rd period - Andreas Athanasiou wins face-off versus Chris Tierney in neutral zone.
16:41 of 3rd period - Riley Sheahan is hit by Jeff Skinner and loses puck.
16:48 of 3rd period - Snap shot by Jeff Skinner.
16:48 of 3rd period - Deflect By Tom Pyatt.
16:48 of 3rd period - Stopped by Chet Pickard without a rebound.
16:49 of 3rd period - Tom Pyatt wins face-off versus Andreas Athanasiou in Mustangs zone.
17:26 of 3rd period - Wrist shot by Josh Jooris.
17:26 of 3rd period - Shot Misses the Net.
18:04 of 3rd period - Snap shot by Tom Pyatt.
18:04 of 3rd period - Stopped by Chet Pickard without a rebound.
18:05 of 3rd period - Tom Pyatt wins face-off versus Riley Nash in Mustangs zone.
18:15 of 3rd period - Minor Penalty to Joe Morrow for Roughing.
18:16 of 3rd period - Riley Cote wins face-off versus Riley Sheahan in Monarchs zone.
18:25 of 3rd period - Slapshot by Eric Wellwood.
18:25 of 3rd period - Stopped by Niklas Backstrom without a rebound.
18:26 of 3rd period - Riley Cote wins face-off versus Riley Sheahan in Monarchs zone.
18:55 of 3rd period - Tom Pyatt is hit by Alexei Marchenko and loses puck.
19:36 of 3rd period - Icing by Derek Joslin.
19:37 of 3rd period - Rick Schofield wins face-off versus Tom Pyatt in Mustangs zone.
Goals for this period are 1 for Mustangs vs 1 for Monarchs .
Shots for this period are 11 for Mustangs vs 12 for Monarchs .
Overtime #1
0:01 of 1st overtime period - Riley Sheahan wins face-off versus Riley Cote in neutral zone.
0:15 of 1st overtime period - Penalty to Joe Morrow is over, Joe Morrow is back on ice.
0:26 of 1st overtime period - Denis Bodrov is hit by Tyler Toffoli and loses puck.
0:35 of 1st overtime period - Slapshot by Brandon Gormley.
0:35 of 1st overtime period - Stopped by Chet Pickard without a rebound.
0:36 of 1st overtime period - Kyle Clifford wins face-off versus Riley Sheahan in Mustangs zone.
0:49 of 1st overtime period - Wrist shot by Tyler Toffoli.
0:49 of 1st overtime period - Deflect By Kyle Clifford.
0:49 of 1st overtime period - Stopped by Chet Pickard without a rebound.
0:50 of 1st overtime period - Tyler Toffoli wins face-off versus Riley Sheahan in Mustangs zone.
1:09 of 1st overtime period - Rick Schofield is hit by Kyle Clifford and loses puck.
1:17 of 1st overtime period - Matt Tennyson is hit by Rick Schofield and loses puck.
1:30 of 1st overtime period - Snap shot by Jeff Skinner.
1:30 of 1st overtime period - Stopped by Chet Pickard with a rebound.
1:32 of 1st overtime period - Snap shot by Connor Brown.
1:32 of 1st overtime period - Goal by Connor Brown - Mustangs : 4 - Monarchs : 5.
Goals for this period are 0 for Mustangs vs 1 for Monarchs .
Shots for this period are 0 for Mustangs vs 4 for Monarchs .
Back to the Top